 Dungeon Crawl Stone Soup version 0.29-a0-410-g9596d59a08 (webtiles) character file.

Game seed: 7645099461563119327

68268 KhasaRR the Severer (level 14, -10/210 HPs)
             Began as a Minotaur Berserker on May 14, 2022.
             Was an Elder of Trog.
             Killed from afar by a salamander mystic (12 damage)
             ... with a bolt of magma
             ... on level 4 of the Snake Pit.
             The game lasted 01:40:49 (19472 turns).

KhasaRR the Severer (Minotaur Berserker)           Turns: 19472, Time: 01:40:49

Health: -10/210    AC: 45    Str: 39    XL:     14   Next: 86%
Magic:  14/14      EV: 10    Int:  4    God:    Trog [****..]
Gold:   1325       SH:  9    Dex: 12    Spells: 13/13 levels left

rFire   . . .      SeeInvis .   a - +1 war axe (elec)
rCold   . . .      Faith    +   F - +1 kite shield
rNeg    . . .      Spirit   .   E - +11 crystal plate armour of Ethics {rC- rCorr Str+4}
rPois   .          Reflect  .   (helmet restricted)
rElec   .          Harm     .   G - +1 cloak
rCorr   +          Rampage  .   i - +2 pair of gloves
Will    +++..                   d - +2 pair of boots
Stlth   ..........              K - amulet of faith
HPRegen 1.45/turn               l - ring of Goc Quemulu {rC+ Str+4 Stlth+}
MPRegen 0.14/turn               x - +6 ring of strength

@: berserking, strong-willed, regenerating, very quick
A: horns 2, retaliatory headbutt, high MP 1
a: Renounce Religion, Berserk, Trog's Hand, Brothers in Arms


You were on level 4 of the Snake Pit.
You worshipped Trog.
Trog was greatly pleased with you.
You visited 3 branches of the dungeon, and saw 17 of its levels.
You also visited: Sewer and Bailey.

You collected 1325 gold pieces.

Inventory:

Hand Weapons
 a - a +1 war axe of electrocution (weapon)
 y - a +5 hand axe
 L - a +1 battleaxe of freezing
Armour
 d - a +2 pair of boots (worn)
 i - a +2 pair of gloves (worn)
 v - an orb of light
 D - a +1 plate armour of cold resistance
 E - the +11 crystal plate armour of Ethics (worn) {rC- rCorr Str+4}
   (You acquired it in a bailey)

   Str:       It affects your strength (+4).
   rC:        It makes you vulnerable to cold.
   rCorr:     It protects you from acid and corrosion.
 F - a +1 kite shield (worn)
 G - a +1 cloak (worn)
Jewellery
 b - the ring "Pesam" {Fly rF+ rCorr EV+4 Stlth+}
   (You found it on level 1 of the Snake Pit)

   [ring of evasion]

   EV:        It affects your evasion (+4).
   rF:        It protects you from fire.
   Fly:       It grants you flight.
   rCorr:     It protects you from acid and corrosion.
   Stlth:     It makes you more stealthy.
 l - the ring of Goc Quemulu (left hand) {rC+ Str+4 Stlth+}
   (You acquired it on level 2 of the Snake Pit)

   [ring of protection from cold]

   Str:       It affects your strength (+4).
   rC:        It protects you from cold.
   Stlth:     It makes you more stealthy.
 s - a ring of protection from cold
 x - a +6 ring of strength (right hand)
 K - an amulet of faith (around neck)
Wands
 e - a wand of mindburst (8)
 j - a wand of polymorph (18)
 w - a wand of iceblast (26)
 C - a wand of digging (3)
Scrolls
 g - a scroll of fear
 k - 13 scrolls of teleportation
 n - 2 scrolls of poison
 r - 4 scrolls of noise
 u - 3 scrolls of amnesia
 z - 2 scrolls of immolation
 A - 2 scrolls of magic mapping
 H - a scroll of fog
 I - 2 scrolls of brand weapon {unknown}
Potions
 c - a potion of magic
 h - 3 potions of heal wounds
 m - a potion of curing
 p - a potion of invisibility
 q - a potion of flight
 t - 6 potions of brilliance
 B - a potion of cancellation {unknown}
 M - a potion of lignification {unknown}
 P - a potion of degeneration {unknown}
Miscellaneous
 f - a phial of floods
 J - a condenser vane


   Skills:
 * Level 17.2 Fighting
 * Level 17.8 Axes
 + Level 16.5 Armour
 * Level 10.5 Dodging
 - Level 1.0 Stealth
 * Level 2.8 Shields
 + Level 0.3 Unarmed Combat
 - Level 1.5 Evocations


You had 13 spell levels left.
You didn't know any spells.
Your spell library was empty.

Dungeon Overview and Level Annotations

Branches:
Dungeon (10/15)            Temple (0/1) D:5            Lair (3/6) D:10
  Snake (4/4) Lair:3        Sewer (visited)          Bailey (visited)
  Swamp: Lair:2-4    Shoals: Lair:2-4       Orc: D:9-12

Altars:
Cheibriados
Gozag
Kikubaaqudgha
Nemelex Xobeh
Sif Muna
Trog
Vehumet
Zin

Shops:
D:2 *   D:3 *   Snake:2 =:=


Innate Abilities, Weirdness & Mutations

You have a pair of horns on your head.
You reflexively headbutt those who attack you in melee.
You have an increased reservoir of magic. (+10% MP)


Message History

You headbutt the quicksilver dragon!
The quicksilver dragon is lightly wounded.
You barely miss the quicksilver dragon.
The quicksilver dragon is lightly wounded.
The quicksilver dragon bites you but does no damage.
The quicksilver dragon claws you but does no damage.
You slash the quicksilver dragon!
Your headbutt misses the quicksilver dragon.
The quicksilver dragon is moderately wounded.
The naga warrior roars a battlecry!
The quicksilver dragon barely misses you.
The quicksilver dragon closely misses you.
You closely miss the quicksilver dragon.
You headbutt the quicksilver dragon, but do no damage.
The quicksilver dragon is moderately wounded.
The quicksilver dragon barely misses you.
The quicksilver dragon claws you but does no damage.
You slice the quicksilver dragon!!
Lightning courses through the quicksilver dragon!!
Your headbutt misses the quicksilver dragon.
The quicksilver dragon is severely wounded.
The salamander mystic no longer looks unusually strong.
The quicksilver dragon bites you but does no damage.
The quicksilver dragon claws you.
* * * LOW HITPOINT WARNING * * *
You slash the quicksilver dragon!
The quicksilver dragon is almost dead.
The quicksilver dragon breathes dispelling energy at you.
The bolt of dispelling energy hits you but does no damage.
Unknown command.
You hit the quicksilver dragon.
Lightning courses through the quicksilver dragon!
You kill the quicksilver dragon!
Trog accepts your kill.
The salamander tyrant returns to its original shape as it dies.
The naga warrior spits poison at you. You block the splash of poison.
The salamander mystic gestures at you while chanting.
The bolt of magma hits you!
You die...

#.# #....... #.#
#.#..... #.#
#.##.... ####.##
#.#..... #.....##
#.......
#......####.#..... .
#...........##....
..
###.......###.###..#
.... #N†@......# #.#
##.# ....
#N##......# #.# #.#
#..# ##N######.##
#.# #..
###...##.).#######
### ...
#........S..^.#
#.............#
#.............#
#....#[.N..#..#
#........$....#


You could see a naga warrior (fast, curare, catching breath) and a salamander
mystic.

Vanquished Creatures
  A quicksilver dragon (Snake:4)
  Roxanne (Snake:2)
  The ghost of Ejoitost the Severer, a journeyman MiFi of Okawaru (Snake:1)
  Aizul (Snake:1)
  8 anacondas
  12 naga warriors
  7 naga sharpshooters
  5 death yaks (Lair:3)
  5 shock serpents
  Amaemon (D:8)
  A salamander mystic (Snake:2)
  4 naga ritualists
  An obsidian statue (D:9)
  2 orc knights (Bailey)
  Pikel (D:8)
  11 mana vipers
  8 salamanders
  A manticore (D:9)
  A moth of wrath (Snake:1)
  2 guardian serpents (Snake:2)
  9 naga magi
  23 black mambas
  Maurice (D:8)
  Psyche (D:8)
  An orange demon (D:8)
  6 cane toads
  2 rime drakes
  3 komodo dragons
  3 trolls (D:9)
  A hornet (D:8)
  Prince Ribbit (D:6)
  A slime creature (D:9)
  A vampire (D:9)
  2 wyverns
  A basilisk (Lair:2)
  3 steam dragons (D:9)
  Edmund (D:6)
  3 acid dragons
  35 nagas
  8 water moccasins
  2 black bears
  4 orc warriors
  2 sky beasts
  3 ice beasts
  7 ogres
  6 centaurs
  A lemure (D:8)
  2 kobold brigands
  2 gnoll sergeants
  11 bullfrogs
  4 scorpions
  7 wights
  6 killer bees (D:9)
  3 howler monkeys
  A vampire bat (Lair:1)
  4 hounds
  A gnoll shaman (D:9)
  3 jellies
  3 orc priests
  3 iguanas
  7 orc wizards
  A mummy (D:7)
  17 gnolls
  9 adders
  A shadow imp (D:6)
  2 white imps
  An ufetubus (D:6)
  3 dart slugs
  18 orcs
  17 ball pythons
  14 bats
  10 endoplasms
  12 giant cockroaches
  11 hobgoblins
  14 kobolds
  13 quokkas
  13 frilled lizards
  12 goblins
  A hobgoblin zombie (D:7)
  2 kobold zombies (D:7)
  An orc zombie (D:7)
  9 rats
443 creatures vanquished.

Vanquished Creatures (collateral kills)
  An orc warlord (Bailey)
  A two-headed ogre (D:9)
  A naga ritualist (Snake:1)
  A mana viper (Snake:1)
  A salamander (Snake:1)
  A black mamba (Snake:1)
  A naga mage (Snake:1)
  A kobold demonologist (D:9)
  Sigmund (D:5)
  A steam dragon (D:9)
  4 nagas (Snake:1)
  2 orc warriors (D:6)
  A bullfrog (D:6)
  An orc wizard (D:9)
  An adder (D:6)
  2 orcs
21 creatures vanquished.

Vanquished Creatures (others)
  A human (D:5)
  3 fungi
  31 plants
35 creatures vanquished.

Grand Total: 499 creatures vanquished

Notes
Turn   | Place    | Note
-------+----------+-------------------------------------------
     0 | D:1      | KhasaRR the Minotaur Berserker began the quest for the Orb.
     0 | D:1      | Reached XP level 1. HP: 19/19 MP: 0/0
   226 | D:1      | Reached XP level 2. HP: 27/27 MP: 1/1
   514 | D:1      | Reached ** piety under Trog
   527 | D:1      | Found a faded altar of an unknown god.
   552 | D:1      | You fall into a shaft and drop 1 floor!
   569 | D:2      | Found Esaogit's General Store.
   621 | D:1      | Reached XP level 3. HP: 30/33 MP: 2/2
  1449 | D:2      | Gained mutation: Your system is resistant to poisons.
                  | (rPois) [potion of mutation]
  1449 | D:2      | Gained mutation: You are resistant to electric shocks.
                  | (rElec) [potion of mutation]
  1571 | D:3      | Reached XP level 4. HP: 40/41 MP: 3/3
  1619 | D:3      | Found Isyoth's General Store.
  1830 | D:3      | Reached skill level 5 in Axes
  2023 | D:3      | Found a glowing drain.
  2032 | Sewer    | Entered a sewer
  2035 | Sewer    | Reached *** piety under Trog
  2203 | Sewer    | Reached XP level 5. HP: 41/47 MP: 4/4
  2343 | Sewer    | Reached XP level 6. HP: 53/53 MP: 5/5
  2420 | D:3      | Found a snail-covered altar of Cheibriados.
  2696 | D:4      | Reached **** piety under Trog
  2837 | D:4      | Reached skill level 5 in Armour
  3097 | D:5      | Entered Level 5 of the Dungeon
  3196 | D:5      | Reached XP level 7. HP: 48/60 MP: 6/6
  3310 | D:5      | Reached skill level 5 in Fighting
  3460 | D:5      | Found a staircase to the Ecumenical Temple.
  3530 | D:5      | Noticed Sigmund
  3538 | D:5      | Reached XP level 8. HP: 69/69 MP: 7/7
  3543 | D:5      | Killed Sigmund
  3799 | D:5      | Found an ancient bone altar of Kikubaaqudgha.
  4575 | D:6      | Reached skill level 10 in Axes
  4608 | D:6      | Noticed Prince Ribbit
  4610 | D:6      | Noticed Edmund
  4621 | D:6      | Reached XP level 9. HP: 78/78 MP: 8/8
  4622 | D:6      | Killed Prince Ribbit
  4627 | D:6      | Killed Edmund
  4718 | D:6      | Found a radiant altar of Vehumet.
  4822 | D:6      | Found a shimmering blue altar of Sif Muna.
  5014 | D:6      | Found a bloodstained altar of Trog.
  5500 | D:7      | Reached skill level 1 in Stealth
  5542 | D:7      | Found a sparkling altar of Nemelex Xobeh.
  5738 | D:7      | Found a flagged portal.
  5824 | Bailey   | Entered a bailey
  5829 | Bailey   | Noticed an orc warlord
  5874 | Bailey   | Reached XP level 10. HP: 87/88 MP: 9/9
  5882 | Bailey   | Noticed an orc knight
  5886 | Bailey   | Noticed an orc knight
  5904 | Bailey   | Killed an orc knight
  5920 | Bailey   | Killed an orc knight
  5988 | Bailey   | Found a runed translucent gate.
  6008 | Bailey   | Lost mutation: Your system is resistant to poisons. (rPois)
                  | [potion of mutation]
  6008 | Bailey   | Lost mutation: You are resistant to electric shocks.
                  | (rElec) [potion of mutation]
  6008 | Bailey   | Gained mutation: You possess an exceptional clarity of
                  | mind. [potion of mutation]
  6008 | Bailey   | Gained mutation: You sometimes lose the ability to read
                  | scrolls when taking damage. [potion of mutation]
  6008 | Bailey   | Gained mutation: You have hidden genetic potential. [potion
                  | of mutation]
  6016 | Bailey   | Found a runed translucent gate.
  6152 | Bailey   | Found a runed translucent gate.
  6171 | Bailey   | Killed an orc warlord
  6172 | Bailey   | Reached skill level 10 in Armour
  6172 | Bailey   | Reached skill level 5 in Dodging
  6262 | Bailey   | Acquired the +11 crystal plate armour of Ethics {rC- rCorr
                  | Str+4}
  7128 | D:8      | Noticed Amaemon
  7128 | D:8      | Noticed an orange demon
  7140 | D:8      | Killed Amaemon
  7144 | D:8      | Killed an orange demon
  7214 | D:8      | Noticed Psyche
  7214 | D:8      | Noticed Maurice
  7224 | D:8      | Killed Maurice
  7225 | D:8      | Killed Psyche
  7226 | D:8      | Reached skill level 10 in Fighting
  7226 | D:8      | Reached XP level 11. HP: 99/99 MP: 10/10
  7264 | D:8      | Identified the +0 helmet of Honesty {rF+}
  7378 | D:8      | Noticed Pikel
  7396 | D:8      | Killed Pikel
  7570 | D:8      | Found a glowing silver altar of Zin.
  7570 | D:8      | Found an opulent altar of Gozag.
  7657 | D:9      | Gained mutation: Your mind is acute. (Int +2) [hidden
                  | potential]
  8030 | D:9      | Noticed an obsidian statue
  8097 | D:9      | Killed an obsidian statue
  8732 | D:9      | Noticed a two-headed ogre
  8736 | D:9      | Noticed a sun demon
  8737 | D:9      | Killed a two-headed ogre
  9315 | D:10     | Entered Level 10 of the Dungeon
  9315 | D:10     | Found a staircase to the Lair.
  9331 | Lair:1   | Entered Level 1 of the Lair of Beasts
  9988 | Lair:1   | Acquired a +1 battleaxe of freezing
 10725 | Lair:2   | Identified the +9 scale mail of Evolution {Int+4}
 10828 | Lair:2   | Reached XP level 12. HP: 112/112 MP: 11/11
 11633 | Lair:3   | Noticed a death yak
 11633 | Lair:3   | Noticed a death yak
 11633 | Lair:3   | Noticed a death yak
 11636 | Lair:3   | Noticed a death yak
 11636 | Lair:3   | Noticed a death yak
 11642 | Lair:3   | Killed a death yak
 11644 | Lair:3   | Killed a death yak
 11648 | Lair:3   | Killed a death yak
 11657 | Lair:3   | Killed a death yak
 11659 | Lair:3   | Killed a death yak
 11662 | Lair:3   | Reached skill level 15 in Axes
 11672 | Lair:3   | Gained mutation: Your mind is very acute. (Int +4) [hidden
                  | potential]
 11672 | Lair:3   | Lost mutation: You have hidden genetic potential. [hidden
                  | potential expressed]
 12340 | Lair:3   | Found a staircase to the Snake Pit.
 12397 | Snake:1  | Entered Level 1 of the Snake Pit
 12413 | Snake:1  | Noticed a naga warrior
 12414 | Snake:1  | Noticed a naga warrior
 12432 | Snake:1  | Killed a naga warrior
 12444 | Snake:1  | Killed a naga warrior
 12604 | Snake:1  | Noticed Aizul
 12621 | Snake:1  | Killed Aizul
 12961 | Snake:1  | Noticed a naga warrior
 12972 | Snake:1  | Killed a naga warrior
 12994 | Snake:1  | Reached XP level 13. HP: 30/122 MP: 0/12
 13525 | Snake:1  | Reached skill level 15 in Armour
 13661 | Snake:1  | Found a transporter.
 13850 | Snake:1  | Found a transporter.
 13850 | Snake:1  | Noticed Ejoitost's ghost (journeyman MiFi)
 13859 | Snake:1  | Found a bloodstained altar of Trog.
 13859 | Snake:1  | You fall into a shaft and drop 1 floor!
 13908 | Snake:2  | HP: 4/125 [naga sharpshooter/bolt (6)]
 13910 | Snake:2  | Reached skill level 1 in Evocations
 13996 | Snake:2  | Reached skill level 15 in Fighting
 14491 | Snake:2  | Noticed Roxanne
 14515 | Snake:2  | Killed Roxanne
 14894 | Snake:2  | Acquired the ring of Goc Quemulu {rC+ Str+4 Stlth+}
 15061 | Snake:2  | Found Ireyry's Jewellery Boutique.
 15063 | Snake:2  | Found Lamuh's Book Emporium.
 15064 | Snake:2  | Found Lorchoh's Jewellery Boutique.
 15361 | Snake:2  | Reached XP level 14. HP: 106/136 MP: 13/13
 15694 | Snake:1  | Lost mutation: You possess an exceptional clarity of mind.
                  | [potion of mutation]
 15694 | Snake:1  | Lost mutation: You sometimes lose the ability to read
                  | scrolls when taking damage. [potion of mutation]
 15694 | Snake:1  | Gained mutation: You are partially covered in iridescent
                  | scales. (AC +2) [potion of mutation]
 15695 | Snake:1  | Lost mutation: Your mind is very acute. (Int +4) [potion of
                  | mutation]
 15695 | Snake:1  | Lost mutation: You are partially covered in iridescent
                  | scales. (AC +2) [potion of mutation]
 15695 | Snake:1  | Lost mutation: Your mind is acute. (Int +2) [potion of
                  | mutation]
 15695 | Snake:1  | Gained mutation: You have an increased reservoir of magic.
                  | (+10% MP) [potion of mutation]
 15709 | Snake:1  | Identified the ring "Pesam" {Fly rF+ rCorr EV+4 Stlth+}
 16982 | Snake:1  | Reached skill level 10 in Dodging
 17262 | Snake:1  | Killed Ejoitost's ghost
 17748 | Snake:3  | Reached skill level 1 in Shields
 19310 | Snake:4  | Entered Level 4 of the Snake Pit
 19461 | Snake:4  | Noticed a quicksilver dragon
 19461 | Snake:4  | a salamander tyrant changed into a quicksilver dragon
 19464 | Snake:4  | HP: 9/210 [quicksilver dragon (6)]
 19464 | Snake:4  | HP: 1/210 [quicksilver dragon (8)]
 19470 | Snake:4  | HP: 1/210 [quicksilver dragon (5)]
 19472 | Snake:4  | Killed a quicksilver dragon
 19472 | Snake:4  | Killed from afar by a salamander mystic

Illustrated notes

Levels and vault maps discovered:
D:1:      lightli_molten_gateway, layout_basic,
          shapermc_ecumenical_altar_notcrosses, minmay_octomino_j4
D:2:      layout_loops_cross, serial_shops, shop
D:3:      layout_rooms, lemuel_round_altar, serial_shops, nicolae_square_shop,
          gup_sewer_entry_bubbles, kennysheep_nub
D:4:      layout_rooms, kennysheep_generic_room_5
D:5:      layout_basic, tgw_kikubaaqudgha, minmay_temple_entry_large_hall,
          uniq_sigmund
D:6:      layout_basic, mainiacjoe_overflow_six_doors_small,
          lemuel_blue_sif_altar, trog_antimagical, uniq_prince_ribbit1,
          uniq_edmund
D:7:      layout_rooms, mainiacjoe_overflow_catwalk, enter_bailey_5,
          minmay_mini_ossuary
D:8:      layout_loops_ring, grunt_temple_overflow_gold_and_silver, uniq_psyche,
          uniq_amaemon, uniq_maurice, uniq_pikel
D:9:      minmay_s_stair_smasher, layout_basic, minivault_15, minmay_bent
D:10:     layout_gridville, lair_entry_dummy, ebering_ghost_gozag
Lair:1:   layout_cave_pods, serial_forest, infiniplex_forest_clump_curved,
          infiniplex_forest_straight_2, infiniplex_forest_diagonal,
          infiniplex_forest_clump_cross, infiniplex_forest_straight_2,
          infiniplex_forest_lined_1, infiniplex_forest_lined_3_way,
          infiniplex_forest_corner_2, infiniplex_forest_clump_small,
          roderic_batcave
Lair:2:   layout_concentric_octagons, chequers_serial_rivers_small_a
Lair:3:   layout_layer_cave, minmay_snake_entry_guardpost_medium
Snake:1:  layout_layer_cave, gammafunk_ghost_wrathful_warriors, uniq_aizul
Snake:2:  layout_concentric_octagons, minmay_shop_grove, uniq_roxanne
Snake:3:  layout_layer_cave
Snake:4:  snake_pit, layout_gridlike

Skill      XL: |  1  2  3  4  5  6  7  8  9 10 11 12 13 14 |
---------------+-------------------------------------------+-----
Fighting       | 4 5 6 8 10 11 13 15 17 | 17.2
Axes           | 4 5 6 8 10 12 13 14 15 16 17 | 17.8
Armour         | 3 4 5 6 7 9 10 12 14 15 16 | 16.5
Dodging        | 3 4 5 7 8 9 10 | 10.5
Stealth        | 1 |  1.0
Evocations     | 1 |  1.5
Shields        | 2 |  2.8
Unarmed Combat | |  0.3

Action                   |  1- 3 |  4- 6 |  7- 9 | 10-12 | 13-15 || total
-------------------------+-------+-------+-------+-------+-------++-------
Melee: Hand axe          |   103 |   188 |   223 |   502 |   117 ||  1133
       Headbutt          |    11 |    20 |    47 |   141 |   102 ||   321
       Punch             |     2 |       |     2 |       |       ||     4
       Unarmed           |       |       |     1 |       |       ||     1
       War axe           |       |       |       |       |   263 ||   263
Invok: Berserk           |     1 |     3 |     8 |    14 |    14 ||    40
       Brothers in Arms  |       |       |     2 |     3 |     2 ||     7
       Trog's Hand       |       |       |     4 |     8 |    10 ||    22
Evoke: Phial of floods   |       |       |       |     1 |     1 ||     2
       Wand              |       |       |       |       |     4 ||     4
       Condenser vane    |       |       |       |       |     1 ||     1
  Use: Scroll            |     6 |     5 |     4 |    15 |    11 ||    41
       Potion            |     1 |     2 |     1 |     4 |    18 ||    26
 Stab: Distracted        |       |       |       |     1 |       ||     1
Armor: Ring mail         |     2 |       |       |       |       ||     2
       Animal skin       |     2 |       |       |       |       ||     2
       Chain mail        |    43 |   108 |       |       |       ||   151
       Plate armour      |       |     4 |    96 |    11 |       ||   111
       Skin              |       |       |     2 |       |       ||     2
       Crystal plate arm |       |       |       |   264 |   263 ||   527
Dodge: Dodged            |    46 |    85 |    71 |   171 |   163 ||   536
Block: Kite shield       |       |       |       |       |    36 ||    36

Table legend: (Time is in decaauts)
 A = Elapsed time spent in this place.
 B = Non-inter-level travel time spent in this place.
 C = Inter-level travel time spent in this place.
 D = Time resting spent in this place.
 E = Time spent auto-exploring this place.
 F = Levels seen in this place.
 G = Mean time per level.
                   A        B        C        D        E       F      G
               +--------+--------+--------+--------+--------+-----+--------+
         Total |  19533 |  18946 |    587 |   5416 |   9074 |  19 | 1028.1 |
       Dungeon |   8514 |   8182 |    332 |   1336 |   5117 |  10 |  851.4 |
          Lair |   3034 |   2901 |    133 |    360 |   2094 |   3 | 1011.3 |
     Snake Pit |   7052 |   6930 |    122 |   3444 |   1840 |   4 | 1763.0 |
         Sewer |    440 |    440 |      0 |     63 |      0 |   1 |  440.0 |
        Bailey |    492 |    492 |      0 |    211 |     23 |   1 |  492.0 |
               +--------+--------+--------+--------+--------+-----+--------+

Top non-repeatable levels by time:
 Snake:1: 3431 daAuts
 Snake:2: 1801 daAuts
 Snake:3: 1663 daAuts
     D:9: 1652 daAuts
  Lair:1: 1352 daAuts
     D:5: 1207 daAuts
     D:8: 1064 daAuts
     D:6: 997 daAuts
     D:1: 943 daAuts
  Lair:2: 933 daAuts
     D:7: 777 daAuts
  Lair:3: 747 daAuts
     D:3: 721 daAuts
     D:2: 609 daAuts
     D:4: 525 daAuts
